 Dungeon Crawl Stone Soup version 0.18.1-8-gdd0e5ea (webtiles) character file.

35 Neebert the Skirmisher (level 3, 0/26 HPs)
             Began as an Octopode Wanderer on May 29, 2016.
             Slain by a gnoll
             ... wielding a cursed -2 spear
              (1 damage)
             ... on level 2 of the Dungeon.
             The game lasted 00:04:44 (1123 turns).

Neebert the Skirmisher (Octopode Wanderer)          Turns: 1123, Time: 00:04:45

Health: 0/26       AC:  1    Str:  9    XL:     3   Next: 33%
Magic:  3/3        EV: 12    Int: 17    God:
Gold:   22         SH:  0    Dex: 11    Spells: 0 memorised, 2 levels left

rFire  . . .     SeeInvis .     b - +0 hand crossbow
rCold  . . .     Gourm    .     (no shield)
rNeg   . . .     Faith    .     (helmet restricted)
rPois  .         Spirit   .     (no amulet)
rElec  .         Dismiss  .     (no ring)
rCorr  .         Reflect  .     (no ring)
SustAt .         Harm     .     (no ring)
MR     .....                    (no ring)
Stlth  ++........               (no ring)
                                (no ring)
                                (no ring)
                                (no ring)

@: not resistant to hostile enchantments, unstealthy
A: almost no armour, amphibious, 8 rings, constrict 8, camouflage 1, gelatinous
body 1
a: no special abilities


You were on level 2 of the Dungeon.
You were hungry.

You visited 1 branch of the dungeon, and saw 2 of its levels.

You collected 22 gold pieces.

Inventory:

Hand Weapons
 a - a +2 quarterstaff
 b - a +0 hand crossbow (weapon)
Missiles
 c - 11 bolts (quivered)
Scrolls
 j - a scroll of enchant armour {unknown}
 l - a scroll of identify {unknown}
Potions
 d - a potion of lignification
 e - a potion of cancellation {unknown}
 h - a potion of heal wounds {unknown}
 i - a potion of curing {unknown}
 k - a potion of mutation {unknown}
Comestibles
 f - 2 bread rations
 g - a fruit


   Skills:
 + Level 3.5 Fighting
   Level 1.0(1.8) Maces & Flails
 + Level 2.4(2.5) Staves
 + Level 1.1 Crossbows
 + Level 1.1 Throwing
 + Level 2.2 Dodging
   Level 1.0 Shields


You had 2 spell levels left.
You didn't know any spells.

Dungeon Overview and Level Annotations

Branches:
Dungeon (2/15)

Altars:


Innate Abilities, Weirdness & Mutations

You cannot wear most types of armour.
You are amphibious.
You can wear up to eight rings at the same time.
You can use your tentacles to constrict eight enemies at once.
Your skin changes colour to match your surroundings (Stealth).
Your rubbery body absorbs attacks (AC +1).


Message History

Aim: a gnoll, wielding a spear (moderately wounded)
You shoot a bolt. The bolt hits the gnoll!
The gnoll is almost dead.
The gnoll closely misses you. The gnoll barely misses you.
Firing (i - inventory):
c - 13 bolts (quivered)
Press: ? - help, Shift-Dir - straight line, f/p - gnoll
Aim: a gnoll, wielding a spear (almost dead)
You shoot a bolt. The bolt barely misses the gnoll.
The gnoll hits you from afar with a spear.
* * * LOW HITPOINT WARNING * * *
The gnoll closely misses you.
The gnoll hits you from afar with a spear.
* * * LOW HITPOINT WARNING * * *
The gnoll closely misses you.
Firing (i - inventory):
c - 12 bolts (quivered)
Press: ? - help, Shift-Dir - straight line, f/p - gnoll
Aim: a gnoll, wielding a spear (almost dead)
You shoot a bolt. The bolt closely misses the gnoll.
The gnoll hits you from afar with a spear.
You die...

# #.
#.###.########..
........@.g(...(
.###<#g###..###
#.# # ... .#.##
..#.# .. .)# ##.
... # #.#


You could see 2 gnolls.

Vanquished Creatures
  3 dart slugs (D:1)
  A giant gecko (D:1)
  2 giant cockroaches (D:1)
  7 goblins (D:1)
  2 hobgoblins (D:1)
  3 jackals (D:1)
  2 kobolds (D:1)
  2 giant newts (D:1)
  2 rats (D:1)
24 creatures vanquished.

Notes
Turn   | Place    | Note
--------------------------------------------------------------
     0 | D:1      | Neebert the Octopode Wanderer began the quest for the Orb.
     0 | D:1      | Neebert set off with: a +2 quarterstaff, a +0 hand crossbow, 24 bolts, a potion of lignification, a bread ration
     0 | D:1      | Reached XP level 1. HP: 16/16 MP: 1/1
   170 | D:1      | Reached XP level 2. HP: 21/21 MP: 2/2
   668 | D:1      | Reached XP level 3. HP: 23/26 MP: 3/3
   923 | D:1      | Reached skill level 1 in Crossbows
  1122 | D:2      | HP: 1/26 [gnoll/spear (5)]
  1123 | D:2      | Slain by a gnoll

Skill      XL: |  1  2  3 |
---------------+----------+-----
Crossbows      | 1 |  1.1
Fighting       | |  3.5
Maces & Flails | |  1.0
Staves         | |  2.4
Throwing       | |  1.1
Dodging        | |  2.2
Shields        | |  1.0

Action                   || total
-------------------------++-------
 Fire: Hand crossbow     ||    66
Armor: Skin              ||     4
Dodge: Dodged            ||    24
